 Dungeon Crawl Stone Soup version 0.29.0-4-gdea44cf6ec (webtiles) character file.

Game seed: 12799967222643776849

61 qw the Chopper (level 4, 0/26 HPs)
             Began as a Tengu Warper on Aug 28, 2022.
             Slain by a goblin
             ... wielding a +0 club
             ... led by Robin
              (5 damage)
             ... on level 3 of the Dungeon.
             The game lasted 00:00:11 (2285 turns).

qw the Chopper (Tengu Warper)                       Turns: 2285, Time: 00:00:12

Health: 0/26       AC:  6    Str: 13    XL:     4   Next: 7%
Magic:  8/8        EV:  9    Int: 13    God:
Gold:   100        SH:  0    Dex: 14    Spells: 7/7 levels left

rFire   . . .      SeeInvis .   Y - +0 hand axe
rCold   + . .      Faith    .   (no shield)
rNeg    . . .      Spirit   .   c - +0 scale mail
rPois   .          Reflect  .   (helmet restricted)
rElec   .          Harm     .   (no cloak)
rCorr   .          Rampage  .   (no gloves)
Will    .....                   (boots unavailable)
Stlth   ..........              (no amulet)
HPRegen 0.08/turn               a - ring of protection from cold
MPRegen 0.11/turn               (no ring)

@: no status effects
A: beak, talons 3
a: no special abilities


You were on level 3 of the Dungeon.
You visited 1 branch of the dungeon, and saw 3 of its levels.

You collected 100 gold pieces.


Innate Abilities, Weirdness & Mutations

You have a beak for a mouth.
You have claws for feet.


   Skills:
 - Level 2.0 Fighting
 + Level 4.6 Axes
 - Level 1.0 Throwing
 - Level 1.1 Armour
 - Level 2.1 Dodging
 - Level 2.0 Spellcasting
 - Level 2.4 Translocations


You had 7 spell levels left.
You didn't know any spells.
Your spell library contained the following spells:

 Spells                   Type           Power      Damage    Failure   Level
 Blink                    Tloc           14%        N/A       56%         2
 Gell's Gravitas          Tloc           7%         N/A       80%         3
 Lesser Beckoning         Tloc           7%         N/A       80%         3
 Teleport Other           Tloc           7%         N/A       80%         3
 Manifold Assault         Tloc           7%         N/A       100%        5

Inventory:

Hand Weapons
 Y - a +0 hand axe (weapon)
Armour
 c - a +0 scale mail (worn)
Jewellery
 a - a ring of protection from cold (left hand)
Potions
 d - a potion of ambrosia {unknown}
 e - a potion of lignification {unknown}
 f - a potion of flight {unknown}
 g - a potion of degeneration {unknown}

Dungeon Overview and Level Annotations

Branches:
Dungeon (3/15)

Altars:

Annotations:
D:3 Robin


Message History

The goblin barely misses you.
You barely miss the goblin. Your kick misses the goblin. You peck the goblin.
The goblin is severely wounded.
You barely miss the hobgoblin. You completely miss the shadow imp.
Robin throws the goblin at you!
The shadow imp hits you but does no damage.
The hobgoblin hits you. The goblin closely misses you. x2
You barely miss the goblin. Your kick misses the goblin.
The goblin is severely wounded.
You barely miss the shadow imp. You closely miss the goblin.
You hit the hobgoblin. You miss the goblin.
A goblin comes into view. It is wielding a +0 dagger.
A hobgoblin comes into view.
The shadow imp shouts, "Slither hence, thou yeasty doghearted nobody!"
The shadow imp gestures at you.
You barely resist. The hobgoblin barely misses you.
The goblin hits you with a +0 club. The goblin hits you but does no damage.
The goblin shouts!
The hobgoblin shouts!
You slash the goblin!
You kill the goblin!
You hit the hobgoblin but do no damage. You closely miss the goblin.
You barely miss the shadow imp. You closely miss the hobgoblin.
You hit the goblin. x2
Robin throws the goblin at you!
A hobgoblin comes into view.
The hobgoblin hits you but does no damage.
The shadow imp hits you.
A goblin comes into view. It is wielding a +0 dagger.
The goblin barely misses you.
The goblin hits you but does no damage. x2
A hobgoblin comes into view.
The goblin barely misses you.
The hobgoblin hits you but does no damage.
The hobgoblin completely misses you.
Robin roars a battlecry!
The hobgoblin goes into a battle-frenzy!
The shadow imp hits you but does no damage.
The goblin hits you but does no damage.
The hobgoblin hits you but does no damage.
The goblin hits you with a +0 club.
You die...

.........##.##.#
.....###.#.....#
..... #.#.#####
.....###...#
...........#
.g.........#
...........+
##....ggg..#
##..gg@g..#
gg....g5g..#
g###.......#
.........#
g..........#
##.........#
#!........#
#...+######


You could see Robin, a shadow imp, 5 hobgoblins and 7 goblins.

Vanquished Creatures
  An adder (D:2)
  2 worms (D:3)
  2 endoplasms (D:1)
  7 giant cockroaches
  3 hobgoblins
  2 jackals (D:2)
  4 kobolds
  3 quokkas (D:2)
  A ball python (D:2)
  7 bats
  3 frilled lizards
  4 goblins
  7 rats
46 creatures vanquished.

Notes
Turn   | Place    | Note
-------+----------+-------------------------------------------
     0 | D:1      | qw the Tengu Warper began the quest for the Orb.
     0 | D:1      | Reached XP level 1. HP: 12/12 MP: 4/4
     0 | D:1      | 0 ||| qw: Version: 0.1-a-89-g26bdef1
     0 | D:1      | 0 ||| qw: Game counter: 2801
     0 | D:1      | 0 ||| qw: Always use a shield: true
     0 | D:1      | 0 ||| qw: God list: Okawaru
     0 | D:1      | 0 ||| qw: Allow faded altars: false
     0 | D:1      | 0 ||| qw: Do Orc after D:15 true
     0 | D:1      | 0 ||| qw: Do second Lair branch before Depths: true
     0 | D:1      | 0 ||| qw: Lair rune preference: random
     0 | D:1      | 0 ||| qw: Plans: Normal
     0 | D:1      | 0 ||| PLANNING D:1-11
    68 | D:1      | 68 ||| Stepping ~*~*~tactically~*~*~ (stealth).
    70 | D:1      | 70 ||| Stepping ~*~*~tactically~*~*~ (stealth).
   442 | D:1      | Reached skill level 3 in Axes
   442 | D:1      | Reached XP level 2. HP: 17/17 MP: 6/6
   924 | D:1      | 924 ||| DROPPING orb of energy.
   925 | D:1      | 925 ||| READING scroll labelled YMNEOR ZIFORCH.
   926 | D:1      | 926 ||| DROPPING scroll of blinking.
  1119 | D:2      | Reached XP level 3. HP: 21/21 MP: 7/7
  1278 | D:2      | 1278 ||| Stepping ~*~*~tactically~*~*~ (stealth).
  1280 | D:2      | 1280 ||| Stepping ~*~*~tactically~*~*~ (stealth).
  1282 | D:2      | 1282 ||| Stepping ~*~*~tactically~*~*~ (stealth).
  1283 | D:2      | 1283 ||| Stepping ~*~*~tactically~*~*~ (stealth).
  1339 | D:2      | Reached skill level 4 in Axes
  2066 | D:2      | 2066 ||| UPGRADING to +0 scale mail.
  2076 | D:2      | 2076 ||| DROPPING +0 leather armour.
  2077 | D:2      | 2077 ||| UPGRADING to ring of protection from cold.
  2078 | D:2      | 2078 ||| READING 3 scrolls labelled NAILUN RYDUG.
  2079 | D:2      | 2079 ||| READING scroll labelled XISCHIL JAVUMIRPH.
  2080 | D:2      | 2080 ||| DROPPING 2 scrolls of magic mapping.
  2125 | D:3      | Reached XP level 4. HP: 26/26 MP: 8/8
  2281 | D:3      | Noticed Robin
  2285 | D:3      | HP: 5/26 [shadow imp (5)]
  2285 | D:3      | Slain by a goblin

Levels and vault maps discovered:
D:1:      spicycebolla_arrival_xxxplode, layout_basic
D:2:      layout_loops_ring
D:3:      layout_basic, mainiacjoe_overflow_boulevard, uniq_robin

Skill      XL: |  1  2  3 |
---------------+----------+-----
Axes           | 3 4 |  4.6
Fighting       | |  2.0
Throwing       | |  1.0
Armour         | |  1.1
Dodging        | |  2.1
Spellcasting   | |  2.0
Translocations | |  2.4

Action                   |  1- 3 |  4- 6 || total
-------------------------+-------+-------++-------
Melee: Hand axe          |   100 |    11 ||   111
       Peck              |    17 |     5 ||    22
       Kick              |    20 |     2 ||    22
Throw: Boomerang         |     7 |       ||     7
  Use: Scroll            |     3 |       ||     3
Armor: Leather armour    |    21 |       ||    21
       Scale mail        |     1 |     9 ||    10
Dodge: Dodged            |    66 |    10 ||    76

Table legend:
 A = Non-vault XP
 B = Vault XP
 C = Vault XP percentage of total XP
 D = Non-vault monster count
 E = Vault monster count
 F = Vault count percentage of total count
                 A         B        C        D         E       F
            +---------+---------+-------+---------+---------+-------
      Total |      88 |       2 |   2.2 |      45 |       1 |   2.2
            +---------+---------+-------+---------+---------+-------
        D:1 |      27 |       0 |   0.0 |      19 |       0 |   0.0
        D:2 |      51 |       0 |   0.0 |      24 |       0 |   0.0
        D:3 |      10 |       2 |  16.7 |       2 |       1 |  33.3
            +---------+---------+-------+---------+---------+-------
